 Dungeon Crawl Stone Soup version 0.21-a0-584-g185da8e (webtiles) character file.

171 Bluekicks the Conjurer (level 5, -9/38 HPs)
             Began as a Draconian Conjurer on Dec 21, 2017.
             Mangled by Bunnehwyld's ghost (11 damage)
             ... on level 3 of the Dungeon.
             The game lasted 00:41:25 (3945 turns).

Bluekicks the Conjurer (Draconian Conjurer)         Turns: 3945, Time: 00:41:26

Health: -9/38      AC:  5    Str: 10      XL:     5   Next: 26%
Magic:  0/10       EV: 12    Int: 14 (17) God:
Gold:   68         SH:  0    Dex: 11      Spells: 4/11 levels left

rFire    . . .     SeeInvis .   d - +0 short sword
rCold    . . .     Gourm    .   (no shield)
rNeg     . . .     Faith    .   (armour unavailable)
rPois    .         Spirit   .   (helmet restricted)
rElec    .         Reflect  .   (no cloak)
rCorr    .         Harm     .   (no gloves)
MR       .....                  (no boots)
Stlth    ++........             (no amulet)
HPRegen  0.12/turn              (no ring)
MPRegen  0.12/turn              (no ring)

@: about to teleport
A: unfitting armour, cold-blooded, AC +5
a: no special abilities


You were on level 3 of the Dungeon.
You were not hungry.

You visited 1 branch of the dungeon, and saw 3 of its levels.

You collected 68 gold pieces.

Inventory:

Hand Weapons
 d - a +0 short sword (weapon)
 m - a +0 hunting sling
 o - a +0 hunting sling
Missiles
 e - 51 stones (quivered)
 g - 40 poisoned needles
 h - 17 arrows
 k - 2 tomahawks
Wands
 c - a wand of digging (16)
Scrolls
 f - a scroll of identify
 n - a scroll of enchant armour {unknown}
Potions
 p - a potion of resistance {unknown}
Books
 a - a book of Conjurations

   Spells                             Type                      Level
   a - Magic Dart                     Conjuration                  1
   b - Searing Ray                    Conjuration                  2
   c - Dazzling Spray                 Conjuration/Hexes            3
   d - Fulminant Prism                Conjuration/Hexes            4
   e - Force Lance                    Conjuration/Translocation    4
   f - Iskenderun's Mystic Blast      Conjuration                  4
Comestibles
 b - 10 rations


   Skills:
 + Level 0.2 Fighting
 + Level 1.8 Dodging
 + Level 1.9 Stealth
 + Level 3.7 Spellcasting
 * Level 5.4 Conjurations


You had 4 spell levels left.
You knew the following spells:

 Your Spells              Type           Power        Failure   Level  Hunger
a - Magic Dart            Conj           ###.         2%          1    None
b - Searing Ray           Conj           ###...       3%          2    ##.....
c - Fulminant Prism       Conj/Hex       ##........   54%         4    ####...


Dungeon Overview and Level Annotations

Branches:
Dungeon (3/15)

Altars:
Dithmenos
Ru

Annotations:
D:3 Bunnehwyld's ghost, amateur TrMo


Innate Abilities, Weirdness & Mutations

Your plain brown scales are hard. (AC +5)
You cannot fit into any form of body armour.
You are cold-blooded and may be slowed by cold attacks.


Message History

As you read the scroll labeled TIMARGH METEILE, it crumbles to dust.
The creatures around you are filled with an inner flame!
It was a scroll of immolation.
Bunnehwyld's ghost closely misses you.
Casting: Searing Ray
Confirm with . or Enter, or press ? or * to list all spells.
Aiming: Magic Dart
Press: ? - help, Shift-Dir - straight line, f/p - Bunnehwyld's ghost
Aim: Bunnehwyld's ghost (moderately damaged, inner flame)
The magic dart hits Bunnehwyld's ghost.
Bunnehwyld's ghost is moderately damaged.
Bunnehwyld's ghost hits you!
* * * LOW HITPOINT WARNING * * *
As you read the scroll labeled GIORAN RATZUS, it crumbles to dust.
The scroll dissolves into smoke.
It was a scroll of fog.
Bunnehwyld's ghost hits you!
* * * LOW HITPOINT WARNING * * *
Bunnehwyld's ghost screams, "You will join me soon!"
As you read the scroll of teleportation, it crumbles to dust.
You feel strangely unstable. Bunnehwyld's ghost hits you!
You die...

......#.# #............#.
........# #..............
........# #............#
........# #...........%#
........# #..........(.# #
.......#####......§§§...#.##
.................§§§§.......
.......#####.....§§§§..#
................@W§§...#
..................§....#
#############....#######
.......# ########


You could see Bunnehwyld's ghost (inner flame).

Vanquished Creatures
  A hound (D:3)
  A worker ant (D:3)
  2 adders
  A gnoll (D:1)
  An ooze (D:3)
  3 worms
  2 dart slugs
  A leopard gecko (D:2)
  5 giant cockroaches
  11 goblins
  6 hobgoblins
  4 jackals (D:2)
  7 kobolds
  3 ball pythons
  9 bats
  5 frilled lizards
  9 rats
71 creatures vanquished.

Notes
Turn   | Place    | Note
-------+----------+-------------------------------------------
     0 | D:1      | Bluekicks the Draconian Conjurer began the quest for the Orb.
     0 | D:1      | Reached XP level 1. HP: 14/14 MP: 3/3
   384 | D:1      | Reached XP level 2. HP: 20/20 MP: 0/5
   388 | D:1      | Learned a level 2 spell: Searing Ray
  1148 | D:1      | Reached XP level 3. HP: 26/26 MP: 0/7
  2338 | D:2      | Reached XP level 4. HP: 33/33 MP: 3/8
  2344 | D:2      | Learned a level 4 spell: Fulminant Prism
  2558 | D:2      | Found a shadowy altar of Dithmenos.
  2712 | D:2      | Reached skill level 5 in Conjurations
  3054 | D:3      | Found a sacrificial altar of Ru.
  3200 | D:3      | Noticed Bunnehwyld's ghost (amateur TrMo)
  3408 | D:3      | Reached XP level 5. HP: 33/38 MP: 1/10
  3945 | D:3      | Mangled by Bunnehwyld's ghost

Vault maps used:
D:1:      sevenhm_arrival_forest_fort_large_1, serial_co_window_serial,
          co_window_paths_b, co_window_paths_b, co_window_corner_a,
          co_window_corner_a, co_window_paths_a, co_window_corner_b,
          co_window_cross_2, co_window_cross_2, co_window_cross_2,
          co_window_broadway_a, co_window_4corner_a, glass_columns_a,
          glass_columns_c, glass_columns_b, glass_columns_c
D:2:      first_ration, grunt_dithmenos_smoke
D:3:      nicolae_overflow_crystal_walls, minmay_crystal_water

Skill      XL: |  1  2  3  4 |
---------------+-------------+-----
Spellcasting   | 3 |  3.7
Conjurations   | 5 |  5.4
Fighting       | |  0.2
Dodging        | |  1.8
Stealth        | |  1.9

Action                   |  1- 3 |  4- 6 || total
-------------------------+-------+-------++-------
Melee: Short sword       |    27 |     8 ||    35
       Tailslap          |     1 |       ||     1
 Cast: Magic Dart        |    57 |    42 ||    99
       Searing Ray       |    11 |    23 ||    34
  Use: Potion            |     1 |     3 ||     4
       Scroll            |     1 |     5 ||     6
  Eat: Chunk             |     6 |     5 ||    11
Armor: Skin              |    14 |     4 ||    18
Dodge: Dodged            |    25 |    12 ||    37

Table legend:
 A = Spawn XP
 B = Non-spawn XP
 C = Spawn XP percentage of total XP
 D = Spawn monster count
 E = Non-spawn monster count
 F = Spawn count percentage of total count
 G = Total turns spent on level
                    A         B        C        D         E        F      G
               +---------+---------+-------+---------+---------+-------+---------
         Total |       0 |     245 |   0.0 |       0 |      71 |   0.0 |  3945
               +---------+---------+-------+---------+---------+-------+---------
           D:1 |       0 |      61 |   0.0 |       0 |      30 |   0.0 |  1863
           D:2 |       0 |      57 |   0.0 |       0 |      24 |   0.0 |  1000
           D:3 |       0 |     127 |   0.0 |       0 |      17 |   0.0 |  1082
               +---------+---------+-------+---------+---------+-------+---------
